AoeStats
← skeezerrr

Nomad

508728316Analyzed
4v4 RM · 10d ago on Sep 23, 2026· 80m 25s· 8 players
Game mode
Random Map
Map size
231×231
Population
200
Speed
Normal
Resources
Standard
Victory
Conquest
Starting age
Dark Age
Ending age
Imperial Age
RankedLock teamsTeams togetherTeam positionsShared explorationLock speedFull tech treeHidden civsTurbo modeCheats
Victory
Defeat
1313
+11
🇬🇧 Persians · United Kingdom
1222
+15
🇫🇷 Slavs · France
1220
+15
🇬🇧 Vietnamese · United Kingdom
1163
+18
🇨🇦 Shu · Canada
1204
-15
🇨🇦 Varangians · Canada
1203
-15
🇺🇸 Danes · United States
1203
-15
🇹🇷 Vikings · Türkiye
1177
-14
Flying_Ham
13:26 Feudal Age
15:03 Town Watch
15:05 Loom
17:56 Fletching
18:15 Horse Collar
20:39 Castle Age
19:47 Stone Mining
21:32 Double-Bit Axe
22:17 Bodkin Arrow
24:06 Crossbowman
26:58 Ballistics
29:19 Horse Collar
29:51 Bow Saw
30:21 Padded Archer Armor
31:47 Treadmill Crane
33:14 Fishing Lines
36:12 Thumb Ring
36:47 Gillnets
40:41 Imperial Age
38:51 Masonry
42:25 Conscription
42:13 Arbalester
42:54 Bracer
43:10 Leather Archer Armor
50:12 Guilds
50:28 Elite White Feather Guard
51:16 Scale Mail Armor
51:26 Forging
52:17 Conscription
53:26 Chain Mail Armor
54:41 Wheelbarrow
54:08 Coiled Serpent Array
55:01 Plate Mail Armor
55:44 Caravan
56:25 Ring Archer Armor
56:09 Bolt Magazine
58:45 Clinker Construction
59:43 Architecture
62:43 Coinage
64:08 Chemistry
63:32 Carvel Hull
63:44 Heavy Plow
64:48 Two-Man Saw
64:49 Banking
65:31 Hoardings
68:11 Hand Cart
No Fox Given
3:33 Loom
15:59 Feudal Age
17:38 Double-Bit Axe
22:20 Castle Age
21:41 Fletching
21:51 Padded Archer Armor
21:52 Scale Mail Armor
22:03 Forging
25:19 Bodkin Arrow
26:02 Medium Warships
30:24 Bloodlines
30:42 Leather Archer Armor
31:11 Ballistics
31:03 Husbandry
33:00 Wheelbarrow
33:38 Bow Saw
34:06 Scale Barding Armor
36:45 Iron Casting
36:26 Chain Mail Armor
36:31 Gambesons
43:08 Imperial Age
43:15 Cranequins
44:14 Bracer
44:45 Ring Archer Armor
44:38 Horse Collar
44:43 Fishing Lines
46:09 Elite Varangian Guard
49:55 Plate Mail Armor
49:32 Squires
53:38 Heavy Mounted Crossbowman
55:20 Arson
60:41 Gothikon
63:24 Caravan
65:20 Chemistry
68:21 Hand Cart
74:43 Blast Furnace
tracter3515
4:06 Loom
13:15 Feudal Age
34:18 Castle Age
32:13 Fletching
35:02 Bodkin Arrow
52:41 Sanctity
52:32 Fervor
BachWagner
7:35 Loom
14:36 Feudal Age
15:06 Double-Bit Axe
16:55 Man-at-Arms
18:01 Fishing Lines
18:54 Arson
19:08 Gold Mining
20:27 Horse Collar
23:05 Castle Age
21:11 Scale Mail Armor
21:21 Forging
23:10 Fletching
24:43 Iron Casting
23:29 Long Swordsman
24:10 Squires
26:44 Elite Skirmisher
28:00 Bow Saw
29:50 Padded Archer Armor
34:06 Chain Mail Armor
36:52 Imperial Age
35:44 Stone Mining
36:30 Gold Shaft Mining
36:54 Two-Handed Swordsman
39:08 Blast Furnace
40:32 Plate Mail Armor
41:51 Pikeman
44:04 Conscription
43:11 Elite Berserk
44:27 Bodkin Arrow
45:08 Masonry
50:48 Leather Archer Armor
55:50 Gillnets
57:13 Architecture
57:42 Bracer
60:35 Scale Barding Armor
60:41 Chieftains
61:04 Light Cavalry
61:26 Cavalier
62:54 Chain Barding Armor
KiFQiT - Joseph Vissarionovitch
5:24 Loom
14:17 Feudal Age
18:47 Castle Age
29:58 Wheelbarrow
39:52 Bloodlines
43:31 Horse Collar
44:16 Double-Bit Axe
45:07 Husbandry
47:46 Scale Barding Armor
48:05 Forging
51:08 Iron Casting
51:25 Vendel Legacy
52:36 Gold Mining
53:35 Chain Barding Armor
53:32 Bow Saw
59:20 Imperial Age
59:30 Imperial Age
57:21 Hand Cart
59:20 Fletching
60:31 Conscription
60:02 Cavalier
64:13 Plate Barding Armor
66:10 Two-Man Saw
65:11 Heavy Plow
68:11 Blast Furnace
68:17 Elite Jarl
72:05 Ballistics
72:46 Chemistry
71:57 Masonry
71:53 Siege Engineers
76:44 Arson
BigFreak
2:58 Loom
13:35 Feudal Age
17:33 Castle Age
17:40 Double-Bit Axe
17:36 Horse Collar
17:57 Stone Mining
18:49 Town Watch
25:51 Forging
26:15 Bow Saw
27:30 Detinets
31:24 Wheelbarrow
30:51 Heavy Plow
31:34 Man-at-Arms
32:27 Forging
32:34 Scale Mail Armor
33:44 Iron Casting
32:32 Long Swordsman
33:20 Squires
34:11 Chain Mail Armor
35:03 Hand Cart
35:56 Gold Mining
37:33 Pikeman
41:17 Imperial Age
41:24 Two-Handed Swordsman
42:34 Conscription
43:41 Blast Furnace
44:51 Two-Man Saw
44:22 Crop Rotation
44:47 Plate Mail Armor
45:15 Siege Engineers
45:30 Champion
48:34 Druzhina
48:07 Halberdier
49:59 Masonry
54:28 Onager
56:11 Chemistry
55:04 Guard Tower
56:17 Siege Onager
63:33 Hoardings
75:35 Redemption
76:40 Devotion
skeezerrr
5:22 Loom
14:24 Feudal Age
15:44 Wheelbarrow
14:57 Double-Bit Axe
20:43 Castle Age
20:07 Stone Mining
20:08 Gold Mining
21:50 Bow Saw
24:51 Fletching
29:16 Horse Collar
30:02 Husbandry
36:22 Imperial Age
35:02 Elite Skirmisher
35:49 Thumb Ring
36:11 Forging
35:56 Bodkin Arrow
38:40 Padded Archer Armor
39:49 Imperial Skirmisher
41:59 Imperial Skirmisher
45:07 Chemistry
43:49 Treadmill Crane
44:53 Ballistics
45:36 Chemistry
44:17 Treadmill Crane
44:14 Pikeman
44:54 Squires
46:22 Bracer
46:37 Leather Archer Armor
46:57 Iron Casting
45:47 Halberdier
46:35 Elite Rattan Archer
53:10 Ring Archer Armor
52:41 Scale Mail Armor
58:15 Murder Holes
58:32 Masonry
Husain Bolt
3:41 Loom
13:04 Feudal Age
19:54 Castle Age
17:51 Stone Mining
21:31 Fletching
23:51 Gold Mining
24:07 Double-Bit Axe
24:07 Horse Collar
26:06 Bodkin Arrow
27:23 Gold Shaft Mining
33:25 Wheelbarrow
38:37 Imperial Age
39:16 Conscription
42:27 Scale Barding Armor
44:17 Bloodlines
45:26 Chain Barding Armor
49:23 Forging
62:47 Cavalier
64:32 Heavy Plow
77:10 Husbandry
76:32 Savar
80:18 Iron Casting
Connection lost

Rejoining the realm…

Still unreachable

The connection could not be restored.

Session expired

The server has moved on; the page needs a fresh start.